[Event "IX Iberoamericano Championship 2023"]
[Site "Panama City"]
[Date "2023.12.01"]
[Round "7.4"]
[White "Zambrana, Osvaldo"]
[Black "Hernandez Guerrero, Gilberto"]
[Result "1/2-1/2"]
[ECO "B48"]
[WhiteElo "2400"]
[BlackElo "2527"]
[Annotator "TA"]
[PlyCount "72"]
[EventDate "2023.11.27"]
[EventType "swiss"]
[EventCountry "PAN"]
[SourceTitle "playchess.com"]
[Source "ChessBase"]
[SourceQuality "1"]
[TimeControl "5400+30"]

1. e4 c5 2. Nf3 e6 3. d4 cxd4 4. Nxd4 Nc6 5. Nc3 Qc7 6. Be3 a6 7. Qd2 Nf6 8. O-O-O b5 {[%emt 0:00:25] 8...Be7 gains popularity.} 9. f3 (9. Bf4 $5 e5 10. Nxc6 exf4 11. e5 dxc6 12. exf6 $14) 9... Be7 {[%emt 0:00:16] B48: Sicilian: Taimanov: 5 Nc3 Qc7 6 Be3 a6 without Be2.} 10. g4 Nxd4 11. Qxd4 Bb7 $1 12. g5 Nh5 13. Kb1 Rc8 {[%emt 0:06:18] ...b4 would be deadly.} 14. a3 Bc5 15. Qd2 {[%emt 0:09:41] [#] Strongly threatening Bxc5.} Bxe3 16. Qxe3 O-O 17. h4 {[%emt 0:07:01][%cal Bh2h4,Bh4h5][%mdl 32] [#]} Rfd8 $146 ({Predecessor:} 17... f5 18. gxf6 Rxf6 19. Rg1 Rf7 20. Qd2 Rcf8 21. Qg5 Nf4 22. Ne2 d5 23. Nxf4 Qxf4 {½-½ Pelekis,G (2039)-Schubert,V (2204) CP-2016-P-00045}) 18. Bh3 Nf4 19. h5 Qe5 20. Bg4 d5 (20... Qxg5 21. Ne2 e5 22. Bxd7 $16) 21. Qb6 d4 (21... Ba8 {feels hotter.} 22. g6 hxg6 23. hxg6 Nxg6 24. Qxa6 dxe4 25. fxe4 Bxe4 26. Rxd8+ Rxd8 27. Rd1 Rb8) 22. g6 hxg6 ({Don't play} 22... fxg6 23. Ne2 gxh5 24. Rxh5 (24. Rxd4 Rxd4 25. Nxd4 hxg4 $15) 24... Nxh5 25. Bxe6+ (25. Qxb7 Kh8 $17) 25... Kf8 26. Bxc8 (26. Qxb7 $2 Qxe6 27. Nxd4 Qg6 $19) 26... Rxc8 27. Qxb7 $16) 23. hxg6 Nxg6 {[%emt 0:01:27] Hoping for ...Rb8.} 24. Bh5 {[%emt 0:04:35] [#]} Qc7 ({Black should play} 24... Rb8 $1 $17 {Threatens to win with ...Nf4.} 25. Bxg6 fxg6) 25. Qxc7 $11 {[%emt 0:00:11] The position is equal.} Rxc7 26. Bxg6 fxg6 27. Rhg1 Rcd7 28. Ne2 d3 29. Nf4 dxc2+ 30. Kxc2 Rxd1 31. Rxd1 Rxd1 32. Kxd1 {[%emt 0:00:02] KB-KN} Kf7 33. Nd3 Kf6 34. Ke2 e5 35. Kf2 a5 36. b4 axb4 {[%emt 0:00:11] Weighted Error Value: White=0.08 (flawless) /Black=0.06 (flawless)} 1/2-1/2

[Event "IX Iberoamericano Championship 2023"]
[Site "Panama City"]
[Date "2023.12.01"]
[Round "7.5"]
[White "Almeida Quintana, Omar"]
[Black "Flores Quillas, Diego Saul Rodri"]
[Result "1/2-1/2"]
[ECO "E11"]
[WhiteElo "2509"]
[BlackElo "2414"]
[Annotator "TA"]
[PlyCount "48"]
[EventDate "2023.11.27"]
[EventType "swiss"]
[EventCountry "PAN"]
[SourceTitle "playchess.com"]
[Source "ChessBase"]
[SourceQuality "1"]
[TimeControl "5400+30"]

1. d4 Nf6 2. Nf3 e6 3. c4 Bb4+ 4. Bd2 a5 5. g3 d5 6. a3 Be7 {[%emt 0:03:13] E11: Bogo-Indian.} 7. Qc2 b6 8. cxd5 exd5 {[%emt 0:00:19] White has an edge.} 9. Bf4 {[%emt 0:01:04] [#]} c5 $146 ({Predecessor:} 9... Bd6 10. Ne5 O-O 11. Bg2 Bb7 12. Nc3 Qe8 13. O-O Na6 14. Qb3 Qe6 15. Nb5 Ne8 {1-0 Spiess,G (2377)-Schuetzhold,F (1918) Leipzig VfB op 15th 2008 (1)}) 10. Nc3 O-O 11. Rd1 Nc6 12. Bg2 Be6 13. O-O Rc8 14. Bg5 ({White should play} 14. e3 $14) 14... Nxd4 {[%emt 0:16:00] The position is equal.} 15. Nxd4 cxd4 16. Rxd4 h6 17. Bf4 Bc5 18. Rd2 Qe7 {[%emt 0:00:57] ...d4 would be deadly.} 19. Be5 Ne4 {[%emt 0:04:33][%mdl 64] [#] Deflection} 20. Bxe4 (20. Nxd5 $2 {too greedy.} Bxd5 21. Bc3 Nxd2 22. Qxd2 Bxg2 23. Kxg2 Rfd8 $19) ({Don't play} 20. Nxe4 Bxf2+ 21. Nxf2 Rxc2 22. Rxc2 Bf5 $17) 20... dxe4 21. Qxe4 Bh3 {[%emt 0:01:11] And now ...Rfe8 would win.} 22. Nd5 $1 Qe8 {[%emt 0:00:09] Hoping for ...f6.} 23. Qh4 {[%emt 0:01:31] [#] Inhibits f6. Nf6+ is the strong threat. The board is on fire.} Bxf1 {[%emt 0:14:23] A strong pair of Bishops.} 24. Nf6+ gxf6 {[%emt 0:00:04] Weighted Error Value: White=0.10 (very precise) /Black=0.07 (flawless)} 1/2-1/2

[Event "IX Iberoamericano Championship 2023"]
[Site "Panama City"]
[Date "2023.12.01"]
[Round "7.6"]
[White "Cuenca Jimenez, Jose Fernando"]
[Black "Noboa Silva, Kevin"]
[Result "1-0"]
[ECO "D00"]
[WhiteElo "2505"]
[BlackElo "2318"]
[Annotator "TA"]
[PlyCount "77"]
[EventDate "2023.11.27"]
[EventType "swiss"]
[EventCountry "PAN"]
[SourceTitle "playchess.com"]
[Source "ChessBase"]
[SourceQuality "1"]
[TimeControl "5400+30"]

1. d4 d5 2. Bf4 Nf6 3. e3 c5 4. dxc5 Nc6 5. Bb5 e6 6. b4 {[%emt 0:00:18] D00: 1 d4 d5: Unusual lines.} Be7 7. Nd2 O-O 8. a3 {[%emt 0:00:17] White is slightly better.} a5 9. Rb1 e5 10. Bg3 {[%emt 0:05:57] [#]} e4 $146 (10... Bg4 $1 $11 {keeps the balance.} 11. f3 axb4) ({Predecessor:} 10... axb4 11. axb4 d4 12. e4 Bg4 13. Ngf3 Nh5 14. O-O Nxg3 15. hxg3 f5 16. exf5 Kh8 {1-0 Winants,L (2543)-Kleijn,C (2418) Roosendaal LBV op-A 2012 (4)}) 11. c3 Bg4 12. Be2 Be6 13. Nh3 (13. b5 Nb8 $15) 13... Bxh3 14. gxh3 axb4 15. axb4 Qd7 16. h4 Ra3 17. Nb3 Rfa8 {[%emt 0:03:16] [#]} 18. O-O $1 Bd8 19. Nd4 Ne7 (19... Ra2 $16) 20. Nb5 $18 Ra2 21. c4 R2a4 22. Nd6 {[%emt 0:11:37] cxd5 would be deadly.} Bc7 23. cxd5 {[%emt 0:04:45] Strongly threatening Bb5.} (23. Nxb7 Bxg3 24. hxg3 Qxb7 $17) 23... Bxd6 {[%emt 0:00:07] [#]} 24. cxd6 (24. Bxd6 $6 Nexd5 25. Qd4 b6 $16) (24. c6 $1 $18 Qc8 25. Bxd6 Nfxd5 26. Bxe7 Nxe7 27. b5) 24... Nexd5 (24... Nc8 $16 {was called for.}) 25. Qd4 Ra3 (25... Rc8 $142 26. Rfc1 Rxc1+ 27. Rxc1 Rxb4) 26. Bc4 Nc3 27. Rbc1 Nfd5 (27... Rc8 {is a better defense.} 28. Rxc3 Rxc3 29. Qxc3 b5 30. Bxb5 Rxc3 31. Bxd7 Nxd7) 28. Rfe1 (28. Bxd5 Ne2+ 29. Kg2 Nxd4 30. exd4 Rf8 $15) ({Inferior is} 28. f3 b5 29. Be1 (29. Bxd5 $2 Ne2+ 30. Kg2 Nxd4 $17) (29. fxe4 $2 {loses.} bxc4 30. Rf2 Nxe3 $19) 29... bxc4 30. Bxc3 Nxc3 31. Rxc3 Rxc3 32. Qxc3 Rc8 33. fxe4 Qxd6 $15) 28... Rc8 29. Bxd5 Ne2+ 30. Rxe2 {[%emt 0:00:01] Threatens to win with Rxc8+.} Rxc1+ 31. Kg2 Raa1 32. Qxe4 h5 33. Ra2 {[%emt 0:01:36] Intending Rxa1 and mate.} Rxa2 34. Bxa2 Qb5 35. Qd5 Qd7 36. Bc4 {[%emt 0:00:39] aiming for Bb5.} g6 37. Bb5 {[%emt 0:00:25] White mates.} Qd8 38. d7 Ra1 39. Qg5 {[%emt 0:00:11] An entertaining game by Cuenca Jimenez.   Weighted Error Value: White=0.15 (very precise) /Black=0.64} 1-0

[Event "IX Iberoamericano Championship 2023"]
[Site "Panama City"]
[Date "2023.12.01"]
[Round "7.7"]
[White "Palma Villanueva, Miguel Ta"]
[Black "Miranda Mesa, Elier"]
[Result "0-1"]
[ECO "B30"]
[WhiteElo "2286"]
[BlackElo "2490"]
[Annotator "TA"]
[PlyCount "80"]
[EventDate "2023.11.27"]
[EventType "swiss"]
[EventCountry "PAN"]
[SourceTitle "playchess.com"]
[Source "ChessBase"]
[SourceQuality "1"]
[TimeControl "5400+30"]

1. e4 c5 2. Nf3 Nc6 3. Bb5 Nf6 4. Nc3 Qc7 5. O-O Nd4 6. Re1 a6 7. Bc4 {[%emt 0:06:18] B30: Sicilian: 2...Nc6 3 Bb5, lines without ...g6.} e6 8. e5 Ng8 9. a4 {[%emt 0:06:09] White is slightly better.} Ne7 10. d3 Ng6 $1 {[%emt 0:04:16] [#]} 11. Ng5 $146 (11. Be3 $11 {remains equal.}) ({Predecessor:} 11. Ba2 Be7 12. Re4 b6 13. Nxd4 cxd4 14. Rxd4 Bb7 15. Qh5 O-O 16. Rc4 Qb8 17. Bf4 b5 18. Rd4 Bc5 19. Be3 Bxd4 20. Bxd4 Bxg2 21. Ne2 Qb7 22. Qg5 Bh3 {0-1 Vingerhoets,L (1968)-Shirazi,K (2343) Avoine op 34th 2019 (6)}) 11... Nxe5 (11... Be7 {simplifies} 12. Nf3 O-O 13. Bb3 h6) 12. Nd5 {[%emt 0:17:46] Dodges Be7} exd5 $19 13. Nxf7 Kxf7 14. Bxd5+ Ne6 ({Not} 14... Kg6 15. c3 Ne6 16. f4 $11) 15. f4 Ng6 16. Qh5 (16. f5 $17) 16... Qd8 {[%emt 0:07:16] Strongly threatening ...Qh4.} 17. Bd2 Qh4 18. Qf5+ (18. Qf3 {was the only chance.} Qf6 19. f5 {[%mdl 64] Pin}) 18... Qf6 19. Qh5 (19. Qe4 {only move.}) 19... Kg8 ({Less strong is} 19... Qxb2 20. f5 Ke7 21. fxe6 (21. fxg6 Qd4+ 22. Kh1 Kd6 $11) 21... dxe6 22. Be4 $14) 20. Bc3 Ngxf4 21. Qf3 Qg5 22. Re5 {[%emt 0:01:02] [#]} Qxg2+ 23. Qxg2 Nxg2 24. Rf1 {[%emt 0:00:52] Prevents Ngf4} (24. Kxg2 Kf7 25. Rg1) 24... Nh4 25. Rg5 Ng6 26. Rgf5 Be7 27. a5 {[%emt 0:00:16] [#]} Bf6 $1 28. Bxf6 (28. Rxf6 gxf6) 28... gxf6 29. Rxf6 Kg7 30. Rf7+ Kh6 31. h4 Nef4 32. h5 Nxd5 33. hxg6 d6 34. R1f2 Kxg6 35. c4 Be6 36. R7f3 Bg4 37. Rf7 Ne3 {[%emt 0:00:45] ...Nf5 would be deadly.} 38. R2f6+ Kg5 {[%emt 0:00:12] White must now prevent ...Bh5.} 39. Rxd6 Raf8 40. Rg7+ Kh4 {[%emt 0:00:09] Weighted Error Value: White=0.57/Black=0.21 (precise)} 0-1

[Event "IX Iberoamericano Championship 2023"]
[Site "Panama City"]
[Date "2023.12.01"]
[Round "7.8"]
[White "De La Riva Aguado, Oscar"]
[Black "Ordaz Valdes, Lisandra Teresa"]
[Result "1/2-1/2"]
[ECO "C45"]
[WhiteElo "2437"]
[BlackElo "2306"]
[Annotator "TA"]
[PlyCount "55"]
[EventDate "2023.11.27"]
[EventType "swiss"]
[EventCountry "PAN"]
[SourceTitle "playchess.com"]
[Source "ChessBase"]
[SourceQuality "1"]
[TimeControl "5400+30"]

1. e4 e5 2. Nf3 Nc6 3. d4 exd4 4. Nxd4 Bc5 5. Nb3 Bb4+ 6. c3 Be7 7. f4 {[%emt 0:02:09] C45: Scotch Game.} d6 8. Bd3 Nh6 9. O-O {[%emt 0:04:07] White is slightly better.} O-O 10. N1d2 f5 11. Qc2 Kh8 {[%emt 0:16:05] [#]} 12. Kh1 $146 ({Predecessor:} 12. Nf3 fxe4 13. Bxe4 Bf5 14. Nbd4 Nxd4 15. Nxd4 Bxe4 16. Qxe4 d5 17. Qd3 Bc5 18. f5 Bxd4+ 19. cxd4 {½-½ Nugumanov,B (2287)-Romanishin,O (2502) Baku op 2014 (8)}) 12... Qe8 13. Nf3 (13. Nc4 {seems wilder.} Qh5 14. Ne3 Ng4 15. g3) 13... Qh5 14. Bd2 fxe4 15. Bxe4 Nf5 16. Kg1 Bd7 17. Rae1 Rae8 18. Qd3 a6 19. Nc5 {[%emt 0:11:32] [#]} ({White should play} 19. Qd5) 19... Nb4 $1 $11 20. cxb4 (20. Qb1 dxc5) 20... Bb5 21. Qc2 dxc5 ({But not} 21... Bxf1 22. Bxf5 Qxf5 23. Qxf5 Rxf5 24. Ne6 Bxg2 25. Kxg2 $14) 22. Rf2 cxb4 23. Bxb7 Bd6 {[%emt 0:03:11] Hoping for ...Rxe1+.} (23... c6 {with more complications.} 24. Ne5 Bh4 25. g3 Nxg3 26. Bxb4 Nf5) 24. Rxe8 Qxe8 (24... Rxe8 $15 25. Bc6 Bxc6 26. Qxc6 Ne7) 25. Be4 $1 Qe6 26. g4 (26. g3 $11) 26... Ne7 $15 27. h3 Qxa2 28. Ne5 {[%emt 0:11:17] Weighted Error Value: White=0.16 (very precise) /Black=0.08 (flawless)} (28. f5 $17 {was worth a try.}) 1/2-1/2

[Event "IX Iberoamericano Championship 2023"]
[Site "Panama City"]
[Date "2023.12.01"]
[Round "7.9"]
[White "Hernandez Montes, Jhon Sebastian"]
[Black "Sanchez Alvarez, Roberto Carlos"]
[Result "1-0"]
[ECO "B22"]
[WhiteElo "2280"]
[BlackElo "2437"]
[Annotator "TA"]
[PlyCount "87"]
[EventDate "2023.11.27"]
[EventType "swiss"]
[EventCountry "PAN"]
[SourceTitle "playchess.com"]
[Source "ChessBase"]
[SourceQuality "1"]
[TimeControl "5400+30"]

1. e4 c5 2. c3 d5 3. exd5 Qxd5 4. d4 Nf6 5. Nf3 Nc6 6. Be2 cxd4 7. cxd4 e6 8. Nc3 Qd6 9. O-O Be7 10. Nb5 Qd8 11. Bf4 Nd5 12. Bg3 O-O 13. Qd2 {[%emt 0:07:39] [#] Recently 13.Rc1 got a lot of attention. B22: Sicilian: 2 c3.} b6 $146 ({Predecessor:} 13... a6 14. Nc3 b6 15. Rfe1 Bb7 16. Bd3 Ncb4 17. Be2 Nf6 18. Ne5 Nbd5 19. Bf3 Rc8 20. Rac1 Ba8 {½-½ Dudeney,K (1874)-Halliday,J (1884) BCCA WS Silver email 2013}) 14. Rac1 Bb7 15. Rfd1 {[%emt 0:01:13] The position is equal.} a6 16. Nc3 Bb4 17. Qd3 Rc8 18. h3 h6 19. Ne4 Be7 20. Qb1 Nf6 21. Nc3 b5 22. a3 Na5 23. Be5 (23. Nd2 $11 {remains equal.}) 23... Nb3 $17 24. Rc2 Nd5 (24... Qb6 {simplifies} 25. Ne1 Nd7 26. Bf3 Nxe5 27. dxe5 Rfd8) 25. Ne4 Qb6 26. Rd3 {[%emt 0:04:17] [#]} (26. Rxc8 $1 $15 Rxc8 27. Bd3) 26... Nf4 $1 {[%emt 0:02:05][%mdl 64] ...Nxe2+ is the strong threat. Discovered Attack} 27. Re3 Nxe2+ 28. Rexe2 f6 29. Bg3 (29. Nxf6+ $142 Bxf6 30. Bxf6 Rxc2 31. Qxc2) 29... Nxd4 ({Black should play} 29... Rfd8 $17 30. Nc5 Nxc5 31. dxc5 Bxc5) 30. Nxd4 $15 Qxd4 31. Nc3 ({Better is} 31. Nd6 $15 Bxd6 32. Rcd2) 31... Qb6 32. Rcd2 Rfd8 33. Qg6 e5 {[%emt 0:07:01] Prevents Bf4.} (33... Rxd2 $17 34. Rxd2 Rd8) 34. Bxe5 $11 Bc5 {[%emt 0:00:00] Prevents Bd4. This pair of bishops is nice.} 35. Bf4 Qc6 36. Ne4 {[%emt 0:02:05] [#] Hoping for Rc2.} Rxd2 37. Bxd2 Bd4 $2 {[%emt 0:01:00] Black cannot hold the game after this.} (37... Bf8 $1 $11) 38. Bxh6 $40 {[%emt 0:01:04][%csl Gh6][%cal Rg6g7][%mdl 128] White is out for blood.} f5 (38... Qd7 {might work better.}) 39. Nd6 (39. Qxf5 $2 {too greedy.} gxh6 40. Qg4+ Kh7 $19) 39... Rd8 $2 (39... Rf8 40. Bf4 Qd5) 40. Qf7+ Kh8 41. Nxb7 Bxf2+ 42. Kxf2 {[%emt 0:00:42][%csl Gh6][%cal Rf7g7] White mates.} Qxh6 43. Nxd8 Qf4+ 44. Kg1 {[%emt 0:00:05] Weighted Error Value: White=0.17 (very precise) /Black=0.63} 1-0

[Event "IX Iberoamericano Championship 2023"]
[Site "Panama City"]
[Date "2023.12.01"]
[Round "7.10"]
[White "Cabezas Solano, David Alejandro"]
[Black "Cori, Jorge"]
[Result "0-1"]
[ECO "D76"]
[WhiteElo "2171"]
[BlackElo "2626"]
[Annotator "TA"]
[PlyCount "71"]
[EventDate "2023.11.27"]
[EventType "swiss"]
[EventCountry "PAN"]
[SourceTitle "playchess.com"]
[Source "ChessBase"]
[SourceQuality "1"]
[TimeControl "5400+30"]

1. d4 Nf6 2. c4 g6 3. Nf3 Bg7 4. g3 O-O 5. Bg2 d5 6. cxd5 Nxd5 7. O-O Nb6 8. Nc3 Nc6 9. e3 {[%emt 0:00:03][%cal Be2e3,Be3e4][%mdl 32] 9.e3 is better than 9.d5.} a5 10. d5 Nb4 {[%emt 0:11:14][%cal Rb4d5] D76: Fianchetto Grünfeld: Main Line with 7...Nb6.} 11. e4 c6 12. a3 Na6 {[%emt 0:00:05] White is slightly better.} 13. Be3 Nc4 14. Bd4 (14. Qe2 $14 Nxe3 15. Qxe3) 14... e5 $1 $11 {[%emt 0:00:06][%cal Oc4b2] Strongly threatening ...Nxb2!} 15. dxe6 {[%emt 0:00:43][%cal Oe6e7] And now e7! would win.} Bxe6 16. Bxg7 Qxd1 17. Rfxd1 Kxg7 18. Nd4 $36 {[%emt 0:01:53][%mdl 2048] [#] White has the initiative.} Nb6 $146 (18... Rad8 $11) ({Predecessor:} 18... Bg4 19. f3 Bc8 20. Na4 b5 21. b3 Ne3 22. Nb6 Nxd1 23. Nxa8 Nc3 24. Nb6 Bb7 {½-½ Donaldson Akhmilovskaya,E (2290)-Chiburdanidze,M (2435) World-ch (Women) 1986 (2)}) 19. Nxe6+ $14 fxe6 20. e5 Nd5 (20... Nc5 $14) 21. Ne4 $16 Rf7 22. h4 h6 23. Rac1 Raf8 24. Bh3 Re7 25. Rd2 Nb8 26. f4 Nd7 27. Re2 Rd8 28. Nd6 Nf8 29. Rc5 Ra8 30. Rc4 Kg8 31. g4 (31. Kf2 $16) 31... g5 32. f5 Rd8 {[%emt 0:02:15] [#]} (32... Nf4 $11 {remains equal.} 33. Rh2 Nd3) 33. hxg5 $1 hxg5 {[%emt 0:00:05] [#]} 34. Kf2 (34. Bf1 $1 $16) 34... Nf4 $11 {[%emt 0:02:31] Excellent horsemanship.} 35. Rce4 Nxe2 $2 (35... Nxh3+ $19 36. Kg3 Nf4) 36. Rxe2 {[%emt 0:00:00] Weighted Error Value: White=0.40/Black=0.27 (precise)} 0-1

[Event "IX Iberoamericano Championship 2023"]
[Site "Panama City"]
[Date "2023.12.01"]
[Round "7.11"]
[White "Soto Hernandez, Henry"]
[Black "Tapia Ostolaza, Alexei"]
[Result "1-0"]
[ECO "D38"]
[WhiteElo "2490"]
[BlackElo "2166"]
[Annotator "TA"]
[PlyCount "57"]
[EventDate "2023.11.27"]
[EventType "swiss"]
[EventCountry "PAN"]
[SourceTitle "playchess.com"]
[Source "ChessBase"]
[SourceQuality "1"]
[TimeControl "5400+30"]

1. d4 Nf6 2. c4 e6 3. Nc3 Bb4 4. Nf3 O-O 5. Bg5 d5 6. e3 h6 7. Bh4 {[%emt 0:00:12] D38: Queen's Gambit Declined: Ragozin Defence (4 Nf3 Bb4).} c6 8. Qc2 g5 (8... Nbd7 $11) 9. Bg3 $16 {[%emt 0:00:06] White is better.} Ne4 10. Nd2 {[%emt 0:03:45] [#]} Qa5 $146 (10... Bxc3 $16 11. bxc3 Nxg3 12. hxg3 Kg7) ({Predecessor:} 10... f5 11. Ndxe4 dxe4 12. h4 g4 13. Be2 c5 14. a3 Bxc3+ 15. bxc3 Nc6 16. Qd2 e5 {0-1 Samchenko,S (1762)-Pshmahov,O (2075) Samara Polugaevsky Memorial 7th 2017 (2)}) 11. Ndxe4 $18 dxe4 12. h4 {[%emt 0:00:10] Hoping for hxg5.} c5 (12... g4 $142 13. Be2 (13. Qxe4 $2 {loses.} Bxc3+ 14. Kd1 Bxb2 $19) 13... h5) 13. dxc5 (13. Qxe4 Bxc3+ 14. Ke2 Bxb2 15. hxg5 cxd4 $17) (13. hxg5 $18 cxd4 14. exd4) 13... g4 14. Be2 (14. Qxe4 $2 {is the wrong capture.} Bxc3+ 15. Ke2 Bxb2 16. Qxg4+ Kh7 $19) 14... f5 15. O-O Bxc3 16. bxc3 Qxc5 (16... Nc6 $16) 17. Rfd1 {[%emt 0:00:30] Threatens to win with Bd6.} Qa5 18. Rab1 a6 {[%emt 0:01:04] [#] Black is weak on the dark squares} 19. c5 $1 {[%emt 0:17:11][%cal Oe2g4][%mdl 512] And now Bxg4! would win.} Nd7 20. Bd6 Rf7 {[%emt 0:01:25] [#]} 21. Rd4 (21. Bxg4 $1 $18 {aiming for Bh5.} fxg4 22. Qxe4 Qxa2 23. Qg6+ (23. Qxg4+ Kh7 $16) 23... Rg7 24. Qxh6) 21... Nxc5 $14 22. Qd1 Nd7 ({Black should try} 22... Kh7 $14) 23. Bc4 $18 Ne5 (23... Nf8 {is a better defense.} 24. a4 h5) 24. Bxe5 Qxe5 25. Rd8+ Kg7 26. Rb6 Qxc3 $2 (26... Rb8 27. Qd4 Qxd4 28. cxd4 Rf8) 27. Bxe6 {[%emt 0:04:33] White is clearly winning.} Re7 (27... Bxe6 $142 28. Rxa8 Rd7) 28. Bxc8 Rxc8 29. Qd6 {[%emt 0:00:30][%csl LRe7,LRh6] Weighted Error Value: White=0.17 (very precise) /Black=0.46} 1-0

[Event "IX Iberoamericano Championship 2023"]
[Site "Panama City"]
[Date "2023.12.01"]
[Round "7.12"]
[White "Almedina Ortiz, Edgardo J."]
[Black "Matamoros Franco, Carlos S."]
[Result "1/2-1/2"]
[ECO "A70"]
[WhiteElo "2158"]
[BlackElo "2455"]
[Annotator "TA"]
[PlyCount "50"]
[EventDate "2023.11.27"]
[EventType "swiss"]
[EventCountry "PAN"]
[SourceTitle "playchess.com"]
[Source "ChessBase"]
[SourceQuality "1"]
[TimeControl "5400+30"]

1. d4 Nf6 2. c4 c5 3. d5 g6 4. Nc3 Bg7 5. e4 d6 6. h3 O-O 7. Nf3 e6 8. Bd3 exd5 9. cxd5 Re8 10. O-O Nbd7 {[%emt 0:00:37][%cal Oc5c4] The modern move. A70: Modern Benoni: 6 e4 g6 7 Nf3.} 11. Bf4 c4 $1 12. Bc2 Nc5 $1 {[%emt 0:00:27] The position is equal.} 13. Re1 {[%emt 0:00:16] next Nd2 is good for White.} b5 14. a3 Qb6 15. Qd2 a5 {[%emt 0:09:07] [#]} 16. Bxd6 $146 {[%emt 0:31:37][%mdl 64] Decoy} ({Predecessor:} 16. Bh6 Bd7 17. Bxg7 Kxg7 18. Qd4 b4 19. Ne2 b3 20. Bd1 Rxe4 21. Qd2 Nd3 22. Rf1 Nxd5 {0-1 Weetik,V (2423)-Ibadov,D (2391) Titled Tuesday intern op 23rd May Late blitz 2023 (10)}) 16... Ncxe4 17. Bxe4 Qxd6 18. Nxb5 Qb6 19. Nc3 Nxe4 (19... Bd7 $5 ) 20. Nxe4 {[%emt 0:01:46][%cal Oe4f6] Nf6+! is the strong threat.} Bf5 {[%emt 0:00:49] A strong pair of Bishops.} 21. Nc3 Reb8 22. Rad1 Bd3 23. a4 Qd6 {[%emt 0:22:42] [#]} (23... Qb4 $14) 24. Nb5 $1 $16 Qb4 {[%emt 0:13:02] [#]} 25. Nd6 $2 Qxd6 {[%mdl 32768] Weighted Error Value: White=0.46/Black=0.12 (very precise) . An unexpected result.} 1/2-1/2

[Event "IX Iberoamericano Championship 2023"]
[Site "Panama City"]
[Date "2023.12.01"]
[Round "7.13"]
[White "Ulloa, Ruben Abraham"]
[Black "Ticona Rocabado, Licael Roderick"]
[Result "1-0"]
[ECO "C07"]
[WhiteElo "2150"]
[BlackElo "2412"]
[Annotator "TA"]
[PlyCount "63"]
[EventDate "2023.11.27"]
[EventType "swiss"]
[EventCountry "PAN"]
[SourceTitle "playchess.com"]
[Source "ChessBase"]
[SourceQuality "1"]
[TimeControl "5400+30"]

1. e4 e6 2. d4 d5 3. Nd2 c5 4. exd5 Qxd5 5. Ngf3 cxd4 6. Bc4 Qd7 {[%emt 0:00:44] C07: French Tarrasch: 3...c5, 4 Ngf3 and 4 exd5 Qxd5.} 7. O-O Nc6 8. Nb3 a6 {[%emt 0:00:33] The position is equal.} 9. Nbxd4 Nxd4 10. Nxd4 Qc7 {[%emt 0:00:06] Against Bf4} 11. Bb3 {[%emt 0:00:00] 11.Bd3 is the hot move.} Bd6 12. Re1 Bxh2+ 13. Kh1 {[%emt 0:00:00] [#]} h5 $146 (13... Ne7 $1 $11) ({Predecessor:} 13... Ne7 14. Nxe6 Bxe6 15. Bxe6 fxe6 16. Qh5+ g6 17. Qxh2 Qxh2+ 18. Kxh2 Kf7 19. Bg5 h6 20. Bxe7 Kxe7 {½-½ Abdusattorov,N (2470)-Lupulescu,C (2637) Abu Dhabi op 24th 2017 (3)}) 14. Nf5 {[%emt 0:00:00] White is more active.} (14. g3 $14 Bxg3 15. fxg3 Qxg3 16. Re2) 14... Be5 $2 {[%emt 0:03:22] [#]} (14... g6 $1 $11 {and Black has nothing to worry.} 15. Qd4 Rh7) 15. f4 $2 (15. Rxe5 $1 $18 Qxe5 16. Nd6+ (16. Bg5 f6 $17) 16... Ke7 17. Nc4) 15... exf5 (15... Bf6 $11) 16. Rxe5+ $14 Be6 17. Bxe6 fxe6 18. Rxe6+ (18. Qd5 $1 $14 Qf7 19. Rxe6+ Ne7 20. Qe5 (20. Qxb7 Qxe6 21. Qxa8+ Kf7 $11)) 18... Kf7 $1 $11 19. Qd5 {[%emt 0:00:00][%csl LRa6,LRf5] Rc6+ would kill now.} Nf6 $1 (19... Ne7 $2 20. Qb3 (20. Rxa6+ $2 Nxd5 21. Rxa8 Rxa8 $19) 20... Kf8 21. Bd2 $18) 20. Qb3 (20. Rxa6+ $2 Nxd5 $19) (20. Qxf5 Qc8 21. Re5 Qxf5 22. Rxf5 Rac8 $15) 20... Kg6 21. Qg3+ Kf7 22. Qb3 (22. Re2 Rhe8 23. Qb3+ Kg6 $17) 22... Kg6 {[%emt 0:00:36] White must now prevent ...Rae8.} 23. Qg3+ Kh7 $132 {[%emt 0:00:02][%mdl 2048] Black is not keeping still} 24. Qg5 $1 Rhe8 ({Weaker is} 24... Qxc2 25. Be3 (25. Re7 $2 Qd1+ 26. Kh2 Ng4+ 27. Kg3 h4+ {[%mdl 64] Decoy} 28. Kxh4 Kg8+ 29. Kg3 Rh7 $19) 25... Qc7 26. Qxf5+ (26. Bd4 Rhf8 $16) 26... Kg8 27. Re1 $16) (24... Rae8 {is more complex.} 25. Qxf5+ Kh6 26. Re5 Qc8) 25. Qxf5+ Kh8 (25... Kh6 {is interesting.} 26. Re5 Qc8 27. Qg5+ Kh7) 26. Re5 Qb6 27. Be3 {[%emt 0:00:00] Dodges Qf2} Qxb2 28. Re1 Qc3 (28... Kg8 $11) 29. Bf2 $16 {[%emt 0:00:00] Strongly threatening Rxe8+.} Kg8 $2 (29... Rxe5 $16 30. fxe5 Nh7) 30. Rxe8+ $18 {[%emt 0:00:00][%mdl 64] Deflection. White is clearly winning.} Rxe8 31. Rxe8+ Nxe8 32. Qd5+ {[%emt 0:00:00] Weighted Error Value: White=0.16 (very precise) /Black=0.25 (precise)} ({Stronger than} 32. Qxh5 Nf6 33. Qf5 Qa1+ 34. Bg1 Qxa2 $11) 1-0